 Dungeon Crawl Stone Soup version 0.22-a0-159-g7ce444f (webtiles) character file.

2748 KristoblXynda the Carver (level 9, -6/67 HPs)
             Began as a Green Draconian Gladiator on Feb 9, 2018.
             Was a Follower of Ashenzari.
             Killed from afar by an electric eel (8 damage)
             ... with a bolt of electricity
             ... on level 8 of the Dungeon.
             The game lasted 00:13:52 (7203 turns).

KristoblXynda the Carver (DrGl)                     Turns: 7203, Time: 00:13:53

Health: -6/67      AC:  9    Str: 16    XL:     9   Next: 41%
Magic:  9/9        EV: 19    Int: 11    God:    Ashenzari [*.....]
Gold:   334        SH:  5    Dex: 14    Spells: 8/8 levels left

rFire    . . .     SeeInvis .   h - +10 zealot's sword {holy, *Rage rN+ EV+3}
rCold    . . .     Gourm    .   o - +0 buckler (curse)
rNeg     + . .     Faith    .   (armour unavailable)
rPois    +         Spirit   .   b - +1 hat
rElec    .         Reflect  .   (no cloak)
rCorr    .         Harm     .   t - +0 pair of gloves
MR       .....     Rnd*Rage +   (no boots)
Stlth    +.........             y - amulet of magic regeneration
HPRegen  0.21/turn              f - ring of wizardry (curse)
MPRegen  0.36/turn              (no ring)

@: no status effects
A: breathe noxious fumes, unfitting armour, poison resistance, cold-blooded, AC
+7
a: Breathe Noxious Fumes, Curse Item, Scrying, Renounce Religion


You were on level 8 of the Dungeon.
You worshipped Ashenzari.
Ashenzari was aware of your devotion.
You were not hungry.

You visited 2 branches of the dungeon, and saw 9 of its levels.
You also visited: Ossuary.

You collected 334 gold pieces.

Inventory:

Hand Weapons
 h - the +10 zealot's sword (weapon) {holy, *Rage rN+ EV+3}
   (You found it on level 4 of the Dungeon)

   It has been blessed by the Shining One to cause great damage to the undead
   and demons.
   It affects your evasion (+3).
   It protects you from negative energy.
   It may make you go berserk in combat.
 u - a +0 long sword
Missiles
 c - 3 throwing nets (quivered)
Armour
 b - a +1 hat (worn)
 o - a cursed +0 buckler (worn)
 t - a +0 pair of gloves (worn)
Jewellery
 f - a cursed ring of wizardry (left hand)
 y - an amulet of magic regeneration (around neck)
Wands
 p - a wand of acid (6)
 v - a wand of disintegration (14)
Scrolls
 a - 5 scrolls of teleportation
 i - 4 scrolls of remove curse
 j - a scroll of enchant armour
 k - 2 scrolls of magic mapping
Potions
 e - a potion of heal wounds
 g - 3 potions of lignification {unknown}
 l - 3 potions of agility
 m - 2 potions of flight
 n - a potion of resistance
 r - 5 potions of curing
 s - 4 potions of haste
 w - a potion of berserk rage
 x - a potion of mutation {unknown}
Books
 q - a book of Changes

   Spells                             Type                      Level
   a - Beastly Appendage              Transmutation                1
   b - Sticks to Snakes               Transmutation                2
   c - Spider Form                    Transmutation/Poison         3
   d - Ice Form                       Ice/Transmutation            4
   e - Blade Hands                    Transmutation                5
Comestibles
 d - 10 rations


   Skills:
 - Level 2.1 Fighting
 * Level 9.9 Long Blades
 - Level 3.5 Throwing
 + Level 7.1 Dodging
 + Level 3.8 Shields


You had 8 spell levels left.
You didn't know any spells.

Dungeon Overview and Level Annotations

Branches:
Dungeon (8/15)             Temple (1/1) D:6
   Lair: D:8-11

Altars:
Ashenzari
Cheibriados
Dithmenos
Elyvilon
Fedhas
Gozag
Hepliaklqana
Kikubaaqudgha
Makhleb
Nemelex Xobeh
Okawaru
Qazlal
Ru
Sif Muna
Trog
Uskayaw
Vehumet
Wu Jian
Xom
Yredelemnul
Zin
The Shining One

Shops:
D:6 *


Innate Abilities, Weirdness & Mutations

You can breathe blasts of noxious fumes.
Your lurid green scales are hard. (AC +7)
You cannot fit into any form of body armour.
Your system is resistant to poisons. (rPois)
You are cold-blooded and may be slowed by cold attacks.


Message History

* * * LOW HITPOINT WARNING * * *
Okay, then.
You feel much better.
The electric eel shoots out a bolt of lightning at you!
The bolt of electricity hits you! x2
* * * LOW HITPOINT WARNING * * *
The bolt of electricity hits the electric eel.
The electric eel completely resists.
The electric eel shoots out a bolt of lightning at you!
The bolt of electricity hits you!
* * * LOW HITPOINT WARNING * * *
You feel much better.
The electric eel shoots out a bolt of lightning at you!
The bolt of electricity hits you!
* * * LOW HITPOINT WARNING * * *
The electric eel shoots out a bolt of lightning at you!
The bolt of electricity hits you!
* * * LOW HITPOINT WARNING * * *
The bolt of electricity hits you!
You die...

,,*****,,,************#..****
,,* *,,,,,,,,,,,.# #..* ,,*
*,*********#.# #..##
,,*****,* #.# #...# ,,,,,,,,*
#.# #.#.# ********* #.#
#.#.## #######.# #....##
##.....#.# ##.....##
#....≈@..###.......##
#.≈≈;.##.##....#....##
#.≈_;....#....###....##
#.≈.≈;###....##.##....#
#≈.≈.≈##....###'###....
#####.#....#.......#...
###.....###.....###..
#......##.##...##.##.
###.....###)###.###'###


You could see 3 electric eels.

Vanquished Creatures
  Pikel (D:4)
  A hippogriff (D:7)
  A wyvern (D:6)
  The ghost of Kavrick the Skirmisher, an amateur DsFi (D:3)
  A water moccasin (D:7)
  A phantom (D:4)
  An orc warrior (D:8)
  An ice beast (D:6)
  2 slaves (D:4)
  An ogre (D:7)
  A wolf (D:8)
  A centaur (D:5)
  An elf zombie (Ossuary)
  A wyvern zombie (D:8)
  A howler monkey (D:6)
  3 centaur zombies (Ossuary)
  A bullfrog zombie (D:8)
  A quasit (D:8)
  A crimson imp (D:5)
  2 hounds
  3 orc priests
  2 centaur skeletons
  3 orc wizards (D:4)
  2 iguanas
  5 worker ants
  A killer bee zombie (D:7)
  A big kobold zombie (Ossuary)
  A hound zombie (D:7)
  3 hound skeletons
  3 mummies
  Robin (D:1)
  A worker ant zombie (D:6)
  8 adders
  A white imp (D:8)
  2 oozes
  3 adder zombies (Ossuary)
  2 adder skeletons
  A worm (D:2)
  2 dart slugs
  6 leopard geckos
  7 orcs
  8 giant cockroaches
  17 goblins
  10 hobgoblins
  12 jackals
  6 kobolds
  A quokka (D:2)
  3 ball pythons
  10 bats
  5 frilled lizards
  A giant cockroach zombie (D:5)
  A goblin zombie (D:8)
  7 hobgoblin zombies
  2 jackal zombies (Ossuary)
  9 kobold zombies (Ossuary)
  10 orc zombies (Ossuary)
  10 rats
  A rat zombie (Ossuary)
195 creatures vanquished.

Vanquished Creatures (others)
  A frilled lizard (D:4)
1 creature vanquished.

Grand Total: 196 creatures vanquished

Notes
Turn   | Place    | Note
-------+----------+-------------------------------------------
     0 | D:1      | KristoblXynda the Draconian Gladiator began the quest for the Orb.
     0 | D:1      | Reached XP level 1. HP: 17/17 MP: 1/1
   113 | D:1      | Reached XP level 2. HP: 22/24 MP: 2/2
   319 | D:1      | Reached XP level 3. HP: 17/29 MP: 3/3
  1705 | D:2      | Noticed Robin
  1741 | D:1      | Killed Robin
  1741 | D:1      | Reached XP level 4. HP: 10/36 MP: 4/4
  2233 | D:2      | Found a shadowy altar of Dithmenos.
  2639 | D:3      | Reached skill level 4 in Long Blades
  2655 | D:3      | Noticed Kavrick's ghost (amateur DsFi)
  3041 | D:3      | Killed Kavrick's ghost
  3041 | D:3      | Reached XP level 5. HP: 10/41 MP: 5/5
  3484 | D:4      | Reached XP level 6. HP: 45/48 MP: 6/6
  3529 | D:4      | Noticed a slave
  3551 | D:4      | Killed a slave
  3736 | D:4      | Noticed a slave
  3758 | D:4      | Killed a slave
  3847 | D:4      | Found the +10 zealot's sword {holy, *Rage rN+ EV+3}
  3917 | D:4      | Noticed Pikel
  3917 | D:4      | Found an ancient bone altar of Kikubaaqudgha.
  3918 | D:4      | Noticed a slave
  3920 | D:4      | Noticed a slave
  3968 | D:4      | Killed Pikel
  3968 | D:4      | Reached skill level 6 in Long Blades
  3968 | D:4      | Reached skill level 5 in Dodging
  3968 | D:4      | Your scales start taking on a lurid green colour.
  3968 | D:4      | Reached XP level 7. HP: 29/55 MP: 7/7
  3968 | D:4      | Gained mutation: Your system is resistant to poisons. (rPois) [Green Draconian growth]
  4190 | D:4      | Reached skill level 7 in Long Blades
  4240 | D:4      | Found a burning altar of Makhleb.
  4256 | D:4      | Reached XP level 8. HP: 58/61 MP: 8/8
  4805 | D:5      | Entered Level 5 of the Dungeon
  4814 | D:5      | Found a sparkling altar of Nemelex Xobeh.
  5001 | D:5      | Reached skill level 8 in Long Blades
  5356 | D:6      | Found a shattered altar of Ashenzari.
  5357 | D:6      | Found a shimmering altar of Xom.
  5358 | D:6      | Found a stormy altar of Qazlal.
  5359 | D:6      | Found a glowing silver altar of Zin.
  5369 | D:6      | Became a worshipper of Ashenzari the Shackled
  5638 | D:6      | Found a staircase to the Ecumenical Temple.
  5671 | Temple   | Entered the Ecumenical Temple
  5887 | D:6      | Reached skill level 1 in Shields
  5989 | D:6      | Found Hodon's Serpentskin Sales.
  6308 | D:7      | Reached skill level 9 in Long Blades
  6449 | D:7      | Noticed a hippogriff
  6457 | D:7      | Killed a hippogriff
  6457 | D:7      | Reached XP level 9. HP: 67/67 MP: 9/9
  6711 | D:8      | Found a blossoming altar of Fedhas.
  6716 | D:8      | Found a sand-covered staircase.
  6723 | Ossuary  | Entered an ossuary
  6929 | Ossuary  | Reached * piety under Ashenzari
  7203 | D:8      | HP: 2/67 [electric eel/bolt of electricity (10)]
  7203 | D:8      | Killed from afar by an electric eel

Vault maps used:
D:1:      dpeg_arrival_houses_and_road, minmay_tetromino_l4
D:2:      nicolae_overflow_hidden_temple, minivault_25, uniq_robin
D:3:      glass_columns_a
D:4:      cheibrodos_helix_gallery, lemuel_doored_altar, lemuel_round_altar,
          first_ration, uniq_pikel
D:5:      old_standard_altar
D:6:      minitemple, minmay_temple_entry_glass, hangedman_decor_push,
          guppyfry_shop_venom, uniq_grinder
D:8:      fedhas_altar_2, serial_ice, serial_ice_h, serial_ice_d, serial_ice_k,
          serial_ice_f, serial_ice_m, serial_ice_c, serial_ice_n, serial_ice_e,
          serial_ice_g, serial_ice_b, nicolae_ossuary_entry_giza
Temple:   nicolae_temple_figure_eight
Ossuary:  ossuary_tomb_1

Skill      XL: |  1  2  3  4  5  6  7  8  9 |
---------------+----------------------------+-----
Throwing       | 2 3 |  3.5
Dodging        | 3 4 5 6 7 |  7.1
Long Blades    | 4 6 7 9 |  9.9
Shields        | 2 3 |  3.8
Fighting       | |  2.1

Action                   |  1- 3 |  4- 6 |  7- 9 || total
-------------------------+-------+-------+-------++-------
Melee: Long sword        |   112 |   137 |       ||   249
       Tailslap          |    13 |    14 |    17 ||    44
       Eudemon blade     |       |     7 |   182 ||   189
Throw: Throwing net      |       |     2 |       ||     2
Invok: Curse Item        |       |       |     2 ||     2
  Use: Potion            |     2 |     6 |     2 ||    10
       Scroll            |       |     6 |    11 ||    17
 Stab: Sleeping          |     1 |       |     2 ||     3
  Eat: Ration            |     1 |     1 |     3 ||     5
       Chunk             |       |     3 |     1 ||     4
Armor: Skin              |    31 |    62 |    22 ||   115
Dodge: Dodged            |    86 |   143 |   113 ||   342
Block: Buckler           |       |       |    33 ||    33
       Rpst.: Long sword |    27 |    36 |       ||    63
       Eudemon blade     |       |     2 |    34 ||    36

Table legend:
 A = Spawn XP
 B = Non-spawn XP
 C = Spawn XP percentage of total XP
 D = Spawn monster count
 E = Non-spawn monster count
 F = Spawn count percentage of total count
 G = Total turns spent on level
                    A         B        C        D         E        F      G
               +---------+---------+-------+---------+---------+-------+---------
         Total |       0 |    3926 |   0.0 |       0 |     193 |   0.0 |  7203
               +---------+---------+-------+---------+---------+-------+---------
           D:1 |       0 |      75 |   0.0 |       0 |      35 |   0.0 |  1141
           D:2 |       0 |      68 |   0.0 |       0 |      27 |   0.0 |  1529
           D:3 |       0 |     235 |   0.0 |       0 |      21 |   0.0 |   806
           D:4 |       0 |    1166 |   0.0 |       0 |      24 |   0.0 |  1329
           D:5 |       0 |     322 |   0.0 |       0 |      15 |   0.0 |   484
           D:6 |       0 |     530 |   0.0 |       0 |      11 |   0.0 |   654
           D:7 |       0 |     559 |   0.0 |       0 |       8 |   0.0 |   520
           D:8 |       0 |     622 |   0.0 |       0 |      14 |   0.0 |   144
       Ossuary |       0 |     349 |   0.0 |       0 |      38 |   0.0 |   406
               +---------+---------+-------+---------+---------+-------+---------
